 Dungeon Crawl Stone Soup version 0.32-a0-18-g89e19f1974 (webtiles) character file.

Game seed: 16969082577669222424

16658 bobarctor the Grappler (level 12, -1/115 HPs)
             Began as a Troll Monk on Jan 16, 2024.
             Was a Follower of Yredelemnul.
             Succumbed to a cane toad's poison
             ... on level 2 of the Lair of Beasts.
             The game lasted 00:45:45 (8598 turns).

bobarctor the Grappler (Troll Monk)                 Turns: 8598, Time: 00:45:46

Health: -1/115     AC:  7    Str: 24    XL:     12   Next: 12%
Magic:  12/12      EV: 13    Int:  9    God:    Yredelemnul [*.....]
Gold:   690        SH:  0    Dex: 15    Spells: 11/13 levels left

rFire   . .          .
                       - Unarmed
rCold   + + .        c - orb {light}
rNeg    . . .        F - +2 robe {rC+}
rPois   .            (helmet currently unavailable)
rElec   .            (cloak currently unavailable)
rCorr   .            (gloves unavailable)
SInv    .            (boots unavailable)
Will    .....        r - amulet of magic regeneration
Stlth   +            d - ring of protection from cold
HPRegen 1.19/turn    (no ring)
MPRegen 0.53/turn

%: no passive effects
@: lethally poisoned (-1 -> -9), beast-form, glowing
A: beast (slay +4), large, unfitting armour, claws 3, regeneration 1, shaggy fur
2, tough skin 1, agile 1, clever 1, screaming 1
a: Begin Untransformation, Renounce Religion, Recall Undead Harvest


You were on level 2 of the Lair of Beasts.
You worshipped Yredelemnul.
Yredelemnul was noncommittal.
You were a hulking beast.
You visited 3 branches of the dungeon, and saw 13 of its levels.
You also visited: Sewer.

You collected 690 gold pieces.

Inventory:

Hand Weapons
 I - the +8 whip "Snakebite" {venom, curare, rPois}
   (You found it on level 1 of the Lair of Beasts)

   rPois:     It protects you from poison
Missiles
 i - 11 poisoned darts (quivered)
 p - 6 javelins
 C - 5 curare-tipped darts
 K - 4 boomerangs
Armour
 c - an orb of light (worn)
 B - +0 steam dragon scales
 F - a +2 robe of cold resistance (worn)
Jewellery
 d - a ring of protection from cold (left claw)
 r - an amulet of magic regeneration (around neck)
 s - an amulet of faith
 E - a ring of ice
Talismans
 e - a beast talisman (active)
 h - a granite talisman
Wands
 a - a wand of paralysis (11)
 y - a wand of flame (49)
 L - a wand of roots (8)
Scrolls
 g - 2 scrolls of blinking
 j - 2 scrolls of poison
 k - 2 scrolls of enchant weapon
 n - 3 scrolls of teleportation
 w - 4 scrolls of revelation
 x - 2 scrolls of fear
 z - a scroll of vulnerability
 D - a scroll of fog {unknown}
 G - a scroll of enchant armour
Potions
 b - a potion of ambrosia
 f - 2 potions of cancellation {unknown}
 l - 3 potions of curing
 m - a potion of resistance {unknown}
 o - a potion of heal wounds
 q - 3 potions of enlightenment {unknown}
 t - 6 potions of haste
 u - 3 potions of invisibility
 v - 3 potions of might {unknown}
 A - 2 potions of lignification {unknown}
 H - a potion of attraction
 J - a potion of brilliance {unknown}


   Skills:
 + Level 6.9 Fighting
 + Level 6.8 Throwing
 + Level 6.7 Dodging
 * Level 11.1 Unarmed Combat
 * Level 1.0 Spellcasting
 * Level 1.3 Translocations
 * Level 9.6 Shapeshifting


You had 11 spell levels left.
You knew the following spells:

 Your Spells              Type           Power      Damage    Failure   Level
a - Blink                 Tloc           4%         N/A       32%         2

Your spell library contained the following spells:

 Spells                   Type           Power      Damage    Failure   Level
 Apportation              Tloc           4%         N/A       22%         1
 Magic Dart               Conj           0%         1d3       36%         1
 Necrotise                Necr           0%         1d4       36%         1
 Sting                    Conj/Alch      0%         1d3       36%         1
 Summon Small Mammal      Summ           0%         N/A       36%         1
 Call Imp                 Summ           0%         N/A       50%         2
 Vhi's Electric Charge    Tloc/Air       2%         N/A       95%         4
 Arcjolt                  Conj/Air       0%         1d10      100%        5
 Maxwell's Capacitive Co  Air            0%         ∞         100%        8


Dungeon Overview and Level Annotations

Branches:
Dungeon (10/15)            Temple (1/1) D:7            Lair (2/5) D:9
    Orc (0/2) D:10          Sewer (visited)
  Swamp: Lair:2-3    Shoals: Lair:2-3     Snake: Lair:2-3    Spider: Lair:2-3

Altars:
Ashenzari
Cheibriados
Dithmenos
Elyvilon
Fedhas
Gozag
Hepliaklqana
Kikubaaqudgha
Makhleb
Nemelex Xobeh
Okawaru
Qazlal
Ru
Sif Muna
Trog
Uskayaw
Vehumet
Wu Jian
Xom
Yredelemnul
Zin
The Shining One

Shops:
D:1 (


Innate Abilities, Weirdness & Mutations

You are a hulking beast.
Your limbs bulge with bestial killing power. (Slay +4)
You are too large for most types of armour.
You have claws for hands.
Your natural rate of healing is unusually fast.
You are covered in thick fur. (AC +2)
You have tough skin. (AC +1)
You are agile. (Dex +4, Str/Int -1)
Your mind is acute. (Int +4, Str/Dex -1)
You occasionally shout uncontrollably at your foes.


Message History

The elephant holds its ground!
Your elephant zombie trunk-slaps the elephant.
You claw the elephant!
The elephant is moderately wounded.
The elephant tramples you.
* * * LOW HITPOINT WARNING * * *
You hold your ground!
The elephant trunk-slaps you but does no damage.
Your elephant zombie tramples the elephant but does no damage.
Your elephant zombie barely misses the elephant.
You scratch the elephant.
The elephant is moderately wounded.
The elephant closely misses you.
The elephant trunk-slaps you but does no damage.
Unknown command.
You scratch the elephant.
The elephant is heavily wounded.
Your elephant zombie tramples the elephant.
The elephant holds its ground!
Your elephant zombie trunk-slaps the elephant.
The elephant tramples your elephant zombie!
Your elephant zombie holds its ground!
The elephant trunk-slaps your elephant zombie but does no damage.
You strike the helpless elephant from behind!
You claw the elephant!
The elephant is severely wounded.
The cane toad barely misses you.
Unknown command.
You claw the elephant!
The elephant is almost dead.
Your elephant zombie tramples the elephant.
The elephant stumbles backwards!
The elephant dies!
The cane toad stings you!
* * * LOW HITPOINT WARNING * * *
You are lethally poisoned!
The cane toad poisons you!
You swap places.
You die...
Your body rises from the dead as a mindless zombie.

#.....### .. #.....#.# #.
##......# #. #.......###
#F #.......... #.
#.......... #.###
#.........
P###.#.#Z########......<..
.......F.h................
.P#...####.#######.#.#P.##
### ### ########


You could see a cane toad (ally target) and a friendly elephant zombie.

Vanquished Creatures
  Fannar (D:10)
  Erica (D:8)
  Pikel (D:7)
  Maurice (D:7)
  5 elephants (Lair:2)
  3 black mambas (Lair:1)
  2 cane toads
  An unseen horror (D:10)
  A troll (D:8)
  A slime creature (D:8)
  20 yaks
  A shadow (D:8)
  2 wraiths (D:10)
  2 steam dragons
  A basilisk (Lair:1)
  Edmund (D:6)
  An acid dragon (D:10)
  12 water moccasins
  An orc warrior (D:10)
  A black bear (D:6)
  2 ice beasts
  A laughing skull (D:8)
  3 ogres
  3 wolves (Lair:1)
  A centaur (D:5)
  A phantom (D:5)
  2 kobold brigands
  A gnoll sergeant (D:10)
  8 bullfrogs
  4 scorpions
  5 wights
  5 killer bees (D:9)
  A howler monkey (D:8)
  An electric eel (D:7)
  2 bombardier beetles (D:5)
  3 hounds
  A jelly (D:5)
  2 gnoll boudas (D:6)
  3 orc priests
  A sleepcap (D:8)
  Natasha (thrice) (D:2)
  4 iguanas
  3 orc wizards
  6 gnolls
  19 adders
  5 river rats (Sewer)
  A shadow imp (D:7)
  2 dart slugs
  20 orcs
  18 ball pythons
  3 bats
  10 endoplasms
  7 giant cockroaches
  4 goblins
  7 hobgoblins
  5 jackals (D:4)
  3 quokkas
  4 frilled lizards
  8 kobolds
  22 rats
263 creatures vanquished.

Vanquished Creatures (collateral kills)
  A two-headed ogre (D:9)
  An elephant (Lair:2)
  4 yaks
  An acid dragon (D:9)
  2 water moccasins (Lair:1)
  A howler monkey (D:9)
  4 orc wizards
  A gnoll (D:10)
  An orc (D:10)
  A kobold (D:10)
  An orc zombie (D:9)
18 creatures vanquished.

Vanquished Creatures (others)
  An elephant zombie (Lair:2)
  5 water moccasin zombies
  3 yak zombies
  A bullfrog zombie (Lair:1)
  2 killer bee zombies (D:9)
  An adder zombie (Lair:1)
  2 kobold zombies (D:8)
  2 orc zombies (D:8)
17 creatures vanquished.

Grand Total: 298 creatures vanquished

Notes
Turn   | Place    | Note
-------+----------+-------------------------------------------
     0 | D:1      | bobarctor the Troll Monk began the quest for the Orb.
     0 | D:1      | Reached XP level 1. HP: 22/22 MP: 0/0
    96 | D:1      | Reached XP level 2. HP: 29/29 MP: 1/1
   418 | D:1      | Found Mammuagh's Weapon Shop.
   477 | D:1      | Reached XP level 3. HP: 34/36 MP: 2/2
   926 | D:2      | Noticed Natasha
   932 | D:2      | Killed Natasha
   933 | D:2      | Reached skill level 1 in Shapeshifting
   951 | D:2      | Reached XP level 4. HP: 44/44 MP: 3/3
  1134 | D:2      | Noticed Natasha
  1137 | D:2      | Killed Natasha
  1138 | D:2      | Reached skill level 4 in Unarmed Combat
  1151 | D:2      | Noticed Natasha
  1155 | D:2      | Killed Natasha
  1363 | D:3      | Reached XP level 5. HP: 51/53 MP: 4/4
  1532 | D:3      | Reached skill level 1 in Throwing
  1816 | D:4      | Reached XP level 6. HP: 59/61 MP: 5/5
  2133 | D:4      | Found a burning altar of Makhleb.
  2135 | D:4      | Found an ornate altar of the Wu Jian Council.
  2197 | D:5      | Entered Level 5 of the Dungeon
  2265 | D:5      | Found a glowing drain.
  2269 | D:5      | Reached skill level 5 in Unarmed Combat
  2271 | Sewer    | Entered a sewer
  2355 | Sewer    | Reached XP level 7. HP: 59/67 MP: 6/6
  2945 | D:5      | Reached XP level 8. HP: 78/78 MP: 7/7
  3277 | D:6      | Reached skill level 6 in Unarmed Combat
  3335 | D:6      | Noticed Edmund
  3404 | D:6      | Killed Edmund
  3405 | D:6      | Reached skill level 5 in Shapeshifting
  3883 | D:6      | Reached skill level 7 in Unarmed Combat
  3912 | D:6      | Reached XP level 9. HP: 77/85 MP: 8/8
  4202 | D:7      | Noticed Pikel
  4212 | D:7      | Killed Pikel
  4215 | D:7      | Noticed Maurice
  4225 | D:7      | Maurice stole 49 gold
  4227 | D:7      | Maurice stole a granite talisman
  4229 | D:7      | Killed Maurice
  4230 | D:7      | Reached skill level 5 in Fighting
  4326 | D:7      | Reached skill level 8 in Unarmed Combat
  4459 | D:7      | Reached skill level 5 in Dodging
  4695 | D:7      | Found a staircase to the Ecumenical Temple.
  4863 | Temple   | Entered the Ecumenical Temple
  4896 | Temple   | Became a worshipper of Yredelemnul the Dark
  4896 | Temple   | Reached * piety under Yredelemnul
  4896 | Temple   | Reached ** piety under Yredelemnul
  4929 | Temple   | Gained mutation: You have hidden genetic potential. [potion
                  | of mutation]
  4929 | Temple   | Gained mutation: Armour fits poorly on your strangely
                  | shaped body. [potion of mutation]
  4929 | Temple   | Gained mutation: You are agile. (Dex +4, Str/Int -1)
                  | [potion of mutation]
  4930 | Temple   | Lost mutation: You are agile. (Dex +4, Str/Int -1) [potion
                  | of mutation]
  4930 | Temple   | Lost mutation: Armour fits poorly on your strangely shaped
                  | body. [potion of mutation]
  4930 | Temple   | Gained mutation: Armour fits poorly on your strangely
                  | shaped body. [potion of mutation]
  4930 | Temple   | Gained mutation: You are covered in thick fur. (AC +2)
                  | [potion of mutation]
  4931 | Temple   | Lost mutation: You are covered in thick fur. (AC +2)
                  | [potion of mutation]
  4931 | Temple   | Lost mutation: You have hidden genetic potential. [potion
                  | of mutation]
  4931 | Temple   | Lost mutation: Armour fits poorly on your strangely shaped
                  | body. [potion of mutation]
  4931 | Temple   | Gained mutation: You occasionally lose the ability to read
                  | scrolls when taking damage. [potion of mutation]
  4931 | Temple   | Gained mutation: Your body sometimes deteriorates upon
                  | taking damage. [potion of mutation]
  4931 | Temple   | Gained mutation: You are agile. (Dex +4, Str/Int -1)
                  | [potion of mutation]
  5294 | D:8      | Reached XP level 10. HP: 70/96 MP: 9/9
  5337 | D:8      | Noticed Erica
  5345 | D:8      | Killed Erica
  5346 | D:8      | Reached skill level 5 in Throwing
  5936 | D:8      | Reached skill level 9 in Unarmed Combat
  6275 | D:9      | Noticed a two-headed ogre
  6283 | D:9      | Killed a two-headed ogre
  6356 | D:9      | Found a staircase to the Lair.
  6394 | D:9      | Reached *** piety under Yredelemnul
  6638 | D:9      | Reached XP level 11. HP: 101/105 MP: 10/10
  6641 | D:9      | Reached **** piety under Yredelemnul
  6645 | D:9      | Reached ***** piety under Yredelemnul
  6864 | D:10     | Entered Level 10 of the Dungeon
  6919 | D:10     | Found a staircase to the Orcish Mines.
  7021 | D:10     | Noticed Fannar
  7029 | D:10     | Killed Fannar
  7030 | D:10     | Reached skill level 10 in Unarmed Combat
  7510 | Lair:1   | Entered Level 1 of the Lair of Beasts
  7580 | Lair:1   | Learned a level 2 spell: Blink
  8134 | Lair:1   | Found the +8 whip "Snakebite" {venom, curare, rPois}
  8468 | Lair:1   | Lost mutation: Your body sometimes deteriorates upon taking
                  | damage. [potion of mutation]
  8468 | Lair:1   | Lost mutation: You are agile. (Dex +4, Str/Int -1) [potion
                  | of mutation]
  8468 | Lair:1   | Lost mutation: You occasionally lose the ability to read
                  | scrolls when taking damage. [potion of mutation]
  8468 | Lair:1   | Gained mutation: You occasionally shout uncontrollably at
                  | your foes. [potion of mutation]
  8468 | Lair:1   | Gained mutation: You are agile. (Dex +4, Str/Int -1)
                  | [potion of mutation]
  8468 | Lair:1   | Gained mutation: You are covered in thick fur. (AC +2)
                  | [potion of mutation]
  8468 | Lair:1   | Gained mutation: Your mind is acute. (Int +4, Str/Dex -1)
                  | [potion of mutation]
  8569 | Lair:2   | Reached skill level 11 in Unarmed Combat
  8569 | Lair:2   | Reached XP level 12. HP: 17/115 MP: 11/11
  8572 | Lair:2   | Reached skill level 1 in Translocations
  8588 | Lair:2   | HP: 3/115 [elephant (9)]
  8590 | Lair:2   | Reached skill level 1 in Spellcasting
  8597 | Lair:2   | HP: 2/115 [cane toad (9)]
  8598 | Lair:2   | Succumbed to a cane toad's poison

Illustrated notes

Levels and vault maps discovered:
D:1:      dpeg_arrival_court, layout_basic, serial_shops,
          nicolae_shop_rolling_square
D:2:      layout_basic, serial_glass, glass_columns_b, glass_columns_b,
          hangedman_decor_clover_reticule, uniq_natasha
D:3:      layout_basic
D:4:      layout_gridville, grunt_temple_overflow_open
D:5:      minmay_recursive_quarters, layout_rooms,
          mainiacjoe_sewer_entry_somewhere_in_here_1, minmay_misc_feat_columns,
          dreamdust_wishing_well, water_maze_lemuel
D:6:      layout_basic, st_stairs_11, uniq_edmund
D:7:      layout_cave_pods, minmay_temple_entry_antechambers,
          kennysheep_cross_room, hangedman_decor_push, uniq_maurice, uniq_pikel
D:8:      layout_loops_ring, amethyst_killhole, minmay_three_doors, uniq_erica
D:9:      layout_roguey, dpeg_oklobed_lair
D:10:     layout_roguey, orc_0_dummy, uniq_fannar
Temple:   mainiacjoe_temple_cubbyholes
Lair:1:   minmay_guarded_unrand_snakebite, layout_chaotic_city
Lair:2:   layout_chaotic_city, minmay_swamp_entry_reptiles,
          nicolae_spider_entry_non_spiders, lemuel_fruit_tree,
          serial_bayou_shore_b, uniq_urug

Skill      XL: |  1  2  3  4  5  6  7  8  9 10 11 12 |
---------------+-------------------------------------+-----
Shapeshifting  | 1 2 3 4 5 6 8 9 |  9.6
Unarmed Combat | 4 5 7 8 9 11 | 11.1
Fighting       | 3 4 5 6 |  6.9
Throwing       | 1 2 3 4 5 6 |  6.8
Dodging        | 3 4 5 6 |  6.7
Translocations | 1 |  1.3
Spellcasting   | 1 |  1.0

Action                     |  1- 3 |  4- 6 |  7- 9 | 10-12 || total
---------------------------+-------+-------+-------+-------++-------
  Melee: Unarmed           |    65 |    98 |   231 |   306 ||   700
  Throw: Dart              |       |     3 |       |     1 ||     4
    Use: Scroll            |       |     6 |    10 |     1 ||    17
         Potion            |       |       |     3 |     3 ||     6
   Stab: Distracted        |       |       |       |     2 ||     2
 Armour: Robe              |    39 |    66 |   156 |   124 ||   385
         Steam dragon scal |       |       |    19 |    74 ||    93
  Dodge: Dodged            |    31 |    47 |   133 |   172 ||   383
   Form: Beast             |     1 |       |       |       ||     1

Table legend: (Time is in decaauts)
 A = Elapsed time spent in this place.
 B = Non-inter-level travel time spent in this place.
 C = Inter-level travel time spent in this place.
 D = Time resting spent in this place.
 E = Time spent auto-exploring this place.
 F = Levels seen in this place.
 G = Mean time per level.
                   A        B        C        D        E       F      G
               +--------+--------+--------+--------+--------+-----+--------+
         Total |   8509 |   8161 |    348 |    300 |   6115 |  14 |  607.8 |
       Dungeon |   6993 |   6743 |    250 |    167 |   5335 |  10 |  699.3 |
        Temple |    118 |     30 |     88 |      0 |      0 |   1 |  118.0 |
          Lair |   1058 |   1048 |     10 |     99 |    654 |   2 |  529.0 |
         Sewer |    339 |    339 |      0 |     34 |    126 |   1 |  339.0 |
               +--------+--------+--------+--------+--------+-----+--------+

Top non-repeatable levels by time:
  Lair:1: 989 daAuts
     D:7: 944 daAuts
     D:8: 835 daAuts
     D:6: 832 daAuts
     D:5: 812 daAuts
     D:9: 780 daAuts
     D:1: 773 daAuts
    D:10: 594 daAuts
     D:2: 562 daAuts
     D:4: 496 daAuts
     D:3: 361 daAuts
   Sewer: 339 daAuts
  Temple: 118 daAuts
  Lair:2: 69 daAuts
